Map: Cerulean Fall LE

Players

blubbbbb

  • Race: Zerg Zerg
  • League: Master
  • Spawn Location: 7:00

llIllllIllll - Winner!

  • Race: Protoss Protoss
  • League: Master
  • Spawn Location: 1:00

VOD

Have the link to the VOD?

Description

Time

  • Played on: Jan. 7, 2019, 5:11 p.m.
  • Length: 25:35
Show
View Real Time Build Order
Export as new Build Order

blubbbbb Zerg 

Build Orders: Hatch First 

Get SALT Encoding   

  12  0:03  Drone  
  13  0:14  Overlord  
  13  0:19  Drone  
  14  0:24  Extractor  
  14  0:25  Drone  
  15  0:33  Drone  
  16  0:38  Drone  
  17  1:03  Hatchery  
  15  1:21  Drone x2  
  15  1:25  Spawning Pool  
  16  1:27  Extractor  
  15  1:36  Drone  
  16  1:49  Drone  
  17  1:57  Drone  
  18  2:11  Queen  
  18  2:13  Zergling x2  
  21  2:15  Queen  
  21  2:18  Zergling x2  
  21  2:22  Drone  
  25  2:33  Metabolic Boost  
  25  2:36  Zergling x2  
  26  2:39  Overlord  
  26  2:42  Drone  
  27  2:46  Drone  
  28  2:58  Drone x3  
  30  3:04  Drone  
  32  3:13  Drone  
  32  3:14  Drone  
  34  3:23  Overlord  
  34  3:25  Hatchery  
  34  3:26  Drone  
  34  3:33  Drone x2  
  36  3:36  Extractor  
  36  3:38  Overlord  
  35  3:46  Drone x2  
  35  3:47  Drone  
  38  3:48  Drone  
  38  3:52  Lair  
  39  3:59  Spore Crawler  
  39  4:00  Spore Crawler  
  39  4:01  Drone  
  37  4:07  Drone x2  
  37  4:08  Drone  
  40  4:13  Extractor  
  40  4:16  Extractor, Drone x2  
  40  4:17  Drone  
  41  4:18  Drone  
  41  4:21  Drone  
  41  4:23  Drone  
  44  4:27  Overlord  
  44  4:45  Queen  
  46  4:46  Drone  
  47  4:54  Drone  
  47  4:55  Hydralisk Den, Drone x3  
  47  4:57  Overlord x2  
  50  5:05  Spore Crawler  
  49  5:10  Drone  
  49  5:11  Evolution Chamber  
  49  5:12  Overlord x2  
  49  5:32  Hydralisk  
  49  5:33  Hydralisk x4  
  59  5:39  Zerg Missile Weapons Level 1  
  59  5:40  Drone x2  
  61  5:43  Drone  
  61  5:44  Drone  
  61  5:47  Hydralisk  
  61  5:48  Hydralisk  
  67  5:56  Grooved Spines  
  67  5:57  Overlord  
  67  6:03  Drone x2  
  67  6:04  Drone x2  
  70  6:05  Drone  
  70  6:06  Drone  
  70  6:07  Drone  
  74  6:21  Overlord x2  
  74  6:23  Hydralisk x3  
  80  6:27  Drone x2  
  80  6:29  Overlord  
  82  6:35  Overlord  
  82  6:40  Drone  
  82  6:41  Drone x2  
  82  6:42  Drone  
  82  6:44  Hydralisk x3  
  92  6:48  Hydralisk  
  94  6:54  Hydralisk x2  
  94  6:57  Overseer  
  98  7:05  Baneling Nest, Extractor, Drone  
  98  7:06  Drone x2  
  98  7:07  Muscular Augments  
  98  7:08  Hydralisk x2  
  99  7:12  Overseer  
  103  7:15  Overlord  
  103  7:16  Overlord  
  103  7:19  Hydralisk x2  
  103  7:20  Hydralisk  
  109  7:30  Extractor, Drone x3  
  109  7:32  Drone x3  
  109  7:35  Drone  
  109  7:36  Hydralisk x3  
  121  7:42  Zerg Missile Weapons Level 2  
  121  7:46  Overlord x2  
  121  7:51  Zergling x10  
  126  8:02  Overlord x2  
  126  8:07  Baneling x4  
  126  8:10  Hydralisk x5  
  135  8:24  Hatchery  
  135  8:26  Baneling x10  
  134  8:28  Hydralisk x2  
  134  8:32  Overlord  
  139  8:34  Zergling x2  
  139  8:45  Infestation Pit  
  135  9:04  Hydralisk x2  
  135  9:05  Hydralisk x8  
  135  9:06  Hydralisk x2  
  129  9:19  Hydralisk x3  
  129  9:20  Hydralisk x3  
  113  9:26  Hydralisk x2  
  111  9:52  Hydralisk x6  
  104  9:53  Hydralisk x4  
  98  10:14  Hydralisk x6  
  86  10:37  Hydralisk x6  
  96  10:54  Extractor  
  96  10:57  Hydralisk x5, Extractor  
  104  11:09  Zergling x8  
  108  11:14  Drone x2  
  110  11:21  Drone  
  110  11:22  Drone x2  
  110  11:23  Queen  
  115  11:32  Hydralisk  
  115  11:33  Hydralisk x4  
  59  12:23  Hydralisk x7  
  59  12:24  Hydralisk x5  
  75  12:33  Hydralisk x2  
  75  12:35  Hydralisk  
  81  12:51  Hydralisk x4  
  73  13:11  Hydralisk  
  73  13:12  Hydralisk x3  
  81  13:22  Hydralisk  
  81  13:23  Hydralisk  
  85  13:27  Hydralisk  
  85  13:32  Hydralisk  
  89  13:36  Zergling x4  
  89  13:40  Hydralisk  
  93  13:53  Hydralisk x2  
  93  13:54  Hydralisk  
  99  14:00  Hydralisk  
  60  14:27  Hydralisk x3  
  60  14:28  Hydralisk x3  
  65  14:36  Hydralisk  
  67  14:50  Hydralisk x2  
  71  14:59  Hydralisk  
  73  15:08  Hydralisk x2  
  77  15:26  Hydralisk  
  77  15:27  Hydralisk x2  
  37  16:18  Spire  
  35  17:33  Mutalisk x3  
  35  17:34  Mutalisk x4  
  46  17:56  Mutalisk x3  
  46  17:57  Mutalisk x4  
  7  19:21  Zergling x2  
  7  19:22  Zergling x8  
  10  19:50  Zergling x2  
  10  19:51  Zergling x2  
    23:57  Zergling x2  
Show
View Real Time Build Order
Export as new Build Order

llIllllIllll Protoss - Winner!

Build Orders:  

Get SALT Encoding   

  12  0:01  Probe  
  13  0:14  Probe  
  14  0:26  Pylon  
  14  0:29  Probe  
  15  0:44  Probe  
  16  0:54  Forge  
  16  0:55  Gateway  
  16  0:58  Probe  
  17  1:11  Probe  
  17  1:23  Probe  
  18  1:27  Photon Cannon  
  18  1:32  Assimilator  
  18  1:35  Assimilator, Probe  
  18  1:37  Pylon  
  19  1:47  Probe  
  20  1:57  Probe  
  21  2:05  Probe  
  21  2:09  Cybernetics Core  
  21  2:13  Probe  
  23  2:33  Nexus  
  24  2:41  Pylon  
  24  2:42  Probe  
  24  2:52  Sentry  
  26  2:59  Stargate  
  26  3:02  Probe  
  27  3:09  Pylon  
  27  3:16  Probe  
  28  3:27  Probe  
  28  3:33  Void Ray  
  29  3:36  Probe  
  30  3:44  Probe  
  35  3:48  Probe  
  35  3:52  Assimilator  
  35  3:54  Assimilator, Probe  
  36  4:00  Probe  
  38  4:12  Stargate  
  38  4:13  Stargate  
  38  4:35  Probe  
  38  4:36  Oracle  
  42  4:48  Probe  
  43  4:58  Probe  
  43  5:00  Probe, Oracle  
  43  5:06  Probe  
  48  5:08  Probe  
  48  5:13  Pylon  
  53  5:14  Oracle, Pylon, Probe  
  54  5:27  Oracle  
  57  5:43  Oracle  
  57  5:49  Twilight Council  
  60  5:53  Gateway x2  
  60  5:56  Gateway  
  60  5:58  Gateway  
  60  6:01  Gateway  
  60  6:02  Oracle  
  63  6:05  Pylon  
  63  6:19  Charge  
  63  6:23  Pylon  
  63  6:25  Oracle  
  66  6:30  Probe  
  66  6:31  Probe  
  66  6:38  Probe  
  66  6:39  Probe  
  68  6:41  Oracle  
  68  6:43  Zealot x3  
  79  6:47  Zealot  
  79  6:49  Zealot  
  83  7:00  Oracle  
  86  7:09  Pylon  
  86  7:10  Pylon, Zealot x2  
  86  7:14  Oracle  
  93  7:27  Zealot x3  
  99  7:31  Oracle  
  99  7:35  Pylon  
  102  7:43  Zealot x2  
  106  7:49  Oracle  
  109  7:55  Pylon  
  109  7:56  Oracle  
  109  8:03  Zealot  
  114  8:07  Zealot  
  116  8:15  Oracle  
  116  8:18  Zealot x2  
  122  8:20  Zealot  
  125  8:45  Oracle  
  125  8:46  Zealot  
  124  9:17  Zealot  
  108  9:20  Oracle x2  
  109  9:55  Zealot x3  
  109  9:58  Oracle x2  
  109  9:59  Zealot x2  
  110  10:02  Oracle  
  96  10:26  Zealot x2  
  96  10:28  Zealot x3  
  100  10:32  Oracle x2  
  100  10:34  Oracle  
  93  10:53  Pylon, Zealot x2  
  93  10:55  Zealot x2  
  93  10:56  Pylon  
  101  10:58  Zealot  
  101  11:02  Oracle  
  106  11:15  Probe  
  106  11:17  Oracle x2  
  107  11:20  Zealot x2  
  117  11:27  Probe  
  118  11:39  Probe  
  119  11:51  Probe  
  86  12:14  Oracle  
  63  12:29  Oracle  
  64  12:38  Oracle  
  61  13:14  Oracle  
  61  13:16  Oracle  
  63  13:22  Probe  
  63  13:25  Probe  
  65  13:33  Zealot  
  67  13:46  Oracle  
  68  13:57  Oracle  
  71  14:08  Oracle  
  53  14:32  Oracle  
  53  14:34  Probe  
  57  14:57  Oracle  
  60  15:09  Probe  
  61  15:21  Probe  
  61  15:23  Probe  
  63  15:34  Probe  
  58  15:36  Probe  
  50  15:51  Probe  
  51  15:59  Probe, Oracle  
  55  16:10  Zealot x2  
  59  16:23  Zealot x2  
  63  16:31  Probe  
  64  16:36  Zealot  
  66  16:41  Cybernetics Core  
  66  16:43  Probe  
  67  16:51  Phoenix  
  69  16:55  Phoenix  
  69  17:11  Probe  
  69  17:14  Zealot x2  
  74  17:24  Phoenix  
  70  17:54  Phoenix  
  70  17:55  Phoenix x2  
  73  18:19  Phoenix  
  67  18:25  Phoenix x2  
  44  19:21  Oracle  
  44  19:23  Zealot x2  
  52  19:31  Probe  
  52  19:38  Zealot  
  54  19:56  Zealot  
  47  20:52  Void Ray  
  51  22:19  Void Ray  
  51  22:22  Probe  
  56  22:34  Probe  
  57  22:46  Probe  
  57  24:27  Probe  
  58  24:38  Probe  
  58  24:39  Probe  
  60  24:51  Probe  
  61  25:03  Probe  
  62  25:15  Probe  
Tags
 
Add a new tag
Caveats
  • Supply blocks, unpowered buildings, or Contaminate may cause inaccurate times.
  • Supply counts are checked every 10 seconds.